 Dungeon Crawl Stone Soup version 0.30-a0-728-gc68057be0a (webtiles) character file.

Game seed: 4116913730638177306

98 testman the Magician (level 4, -3/24 HPs)
             Began as a Deep Elf Fire Elementalist on Jan 30, 2023.
             Splashed by a jelly's acid (7 damage)
             ... on level 3 of the Dungeon.
             The game lasted 00:13:03 (2368 turns).

testman the Magician (Deep Elf Fire Elementalist)   Turns: 2368, Time: 00:13:04

Health: -3/24      AC: -6    Str:  5    XL:     4   Next: 44%
Magic:  10/12      EV: 12    Int: 22    God:
Gold:   138        SH:  0    Dex: 15    Spells: 5/11 levels left

rFire   . . .      SeeInvis .    e - +0 short sword
rCold   . . .      Faith    .    (no shield)
rNeg    . . .      Spirit   .    a - +0 robe
rPois   .          Reflect  .    (no helmet)
rElec   .          Harm     .    (no cloak)
rCorr   .          Rampage  .    (no gloves)
Will    .....                    (no boots)
Stlth   ++                       (no amulet)
HPRegen 0.24/turn                (no ring)
MPRegen 0.13/turn                (no ring)

@: corroded
A: no striking features
a: no special abilities


You were on level 3 of the Dungeon.
You visited 1 branch of the dungeon, and saw 4 of its levels.

You collected 138 gold pieces.

Inventory:

Hand Weapons
 e - a +0 short sword (weapon)
 i - a +0 sling
Missiles
 l - 8 poisoned darts
Armour
 a - a +0 robe (worn)
Wands
 s - a wand of polymorph (9)
Scrolls
 c - a scroll of acquirement {unknown}
 d - a scroll of immolation {unknown}
 h - a scroll of summoning {unknown}
 k - 5 scrolls of identify {unknown}
 m - a scroll of fog {unknown}
 o - 4 scrolls of teleportation {unknown}
 q - 2 scrolls of amnesia {unknown}
 r - a scroll of brand weapon {unknown}
 u - a scroll of enchant armour {unknown}
 v - a scroll of enchant weapon {unknown}
 x - a scroll of poison {unknown}
Potions
 b - a potion of magic
 f - a potion of heal wounds {unknown}
 g - 2 potions of flight {unknown}
 j - a potion of lignification {unknown}
 n - a potion of invisibility {unknown}
 p - 2 potions of degeneration {unknown}
 t - 3 potions of cancellation {unknown}
 w - a potion of berserk rage {unknown}


   Skills:
 - Level 2.4 Dodging
 - Level 2.4 Stealth
 + Level 4.2 Spellcasting
 + Level 2.6 Conjurations
 + Level 1.7 Hexes
 + Level 4.1 Fire Magic


You had 5 spell levels left.
You knew the following spells:

 Your Spells              Type           Power      Damage    Failure   Level
a - Foxfire               Conj/Fire      76%        2x1d7     2%          1
b - Scorch                Fire           46%        2d7       3%          2
c - Inner Flame           Hex/Fire       17%        N/A       10%         3

Your spell library contained the following spells:

 Spells                   Type           Power      Damage    Failure   Level
 Kindle Blastsparks       Fire/Tloc/Air  20%        2d11      19%         3
 Flame Wave               Conj/Fire      19%        2d7       26%         4
 Cause Fear               Hex            6%         N/A       47%         4
 Discord                  Hex            6%         N/A       100%        8


Dungeon Overview and Level Annotations

Branches:
Dungeon (4/15)
 Temple: D:4-7

Altars:
Trog
Zin

Shops:
D:1 =   D:3 :


Message History

You kill the orc wizard!
You hear some strange, mumbled words.
Something tries to affect you, but you resist.
You climb upwards.
Reactivating autopickup.
There is a stone staircase leading down here.
You start resting.
Magic restored.
You climb downwards.
The endoplasm hits you. The jelly barely misses you.
The endoplasm barely misses you. The jelly barely misses you.
There is a stone staircase leading up here.
Casting: Scorch (safe; 3% risk of failure)
Confirm with . or Enter, or press ? or * to list all spells.
Okay, then.
Casting: Foxfire (safe; 2% risk of failure)
Press: ? - help, Q - select action, (/) - cycle Dir - look around, f - activate You conjure some foxfire!
The endoplasm misses you. The jelly hits you. The acid corrodes you!
You are splashed with acid!
The foxfire hits the endoplasm.
You kill the endoplasm!
The foxfire hits the jelly.
The jelly is lightly wounded.
The orc wizard gestures at you while chanting.
You resist with some effort. The jelly barely misses you.
You climb upwards.
There is a stone staircase leading down here.
There are monsters nearby!
Unknown command.
Unknown command.
Unknown command.
Casting: Foxfire (safe; 2% risk of failure)
Press: ? - help, Q - select action, (/) - cycle Dir - look around, f - activate You conjure some foxfire!
The orc wizard hits you with a +0 dagger.
* * * LOW HITPOINT WARNING * * *
The jelly hits you.
* * * LOW HITPOINT WARNING * * *
The acid corrodes you!
You are splashed with acid!
You die...

........######>..##########.#####
.................# #.#
#................# #.# #
#................# ########.# #
#...............## #....†...# #
#...............# #........# #
#...............# #.....)).# #
#..............v####........# #
#.......###.....@v.#....)...#####
######### #..(..Jo.#........#....
.....# #........#........#.###
####.# ####........####..)..#....
#..#.# #...........# #.....#####
##.#.# #....[###...# #.....#...#
...#.# #.....###.<.## #.....#.#.#
####.# #....(##.....# #....##.#.#
...#.# #.....##.....####'####.#.#


You could see a jelly (ally target) and an orc wizard (ally target).

Vanquished Creatures
  An orc wizard (D:4)
  An adder (D:2)
  A worm (D:2)
  An orc (D:4)
  2 ball pythons
  10 endoplasms
  A giant cockroach (D:3)
  3 goblins
  5 hobgoblins
  3 jackals (D:3)
  10 kobolds
  2 quokkas
  6 bats
  3 frilled lizards
  6 rats
55 creatures vanquished.

Vanquished Creatures (others)
  71 foxfires
71 creatures vanquished.

Grand Total: 126 creatures vanquished

Notes
Turn   | Place    | Note
-------+----------+-------------------------------------------
     0 | D:1      | testman the Deep Elf Fire Elementalist began the quest for
                  | the Orb.
     0 | D:1      | Reached XP level 1. HP: 10/10 MP: 6/6
    74 | D:1      | Found a faded altar of an unknown god.
   100 | D:1      | Reached XP level 2. HP: 14/15 MP: 4/8
   182 | D:1      | Learned a level 2 spell: Scorch
   807 | D:1      | Found Tapuxtes's Jewellery Boutique.
   821 | D:1      | Reached XP level 3. HP: 15/19 MP: 7/10
   825 | D:1      | Learned a level 3 spell: Inner Flame
  1182 | D:2      | Reached skill level 1 in Hexes
  1870 | D:3      | Found Axkiagadd's Book Boutique.
  2022 | D:3      | Reached XP level 4. HP: 24/24 MP: 8/12
  2022 | D:3      | Found a bloodstained altar of Trog.
  2233 | D:3      | Noticed an angel
  2234 | D:3      | Found a glowing silver altar of Zin.
  2273 | D:4      | Noticed an orc warrior
  2368 | D:3      | Splashed by a jelly's acid

Illustrated notes

Levels and vault maps discovered:
D:1:      dpeg_arrival_solitude, layout_loops_ring, serial_shops,
          nicolae_square_shop, hellmonk_ecumenical_altar_arch_garden,
          minmay_split_cup_large
D:2:      layout_loops_cross, minmay_tromino_i2
D:3:      layout_basic, zin_angel, mainiacjoe_overflow_small_starburst,
          serial_shops, nicolae_shop_trees
D:4:      layout_cave_pools, grunt_qazlal_clouds, serial_shops,
          nicolae_shop_bloodbath_and_beyond,
          nicolae_shop_competitors_out_of_business

Skill      XL: |  1  2  3 |
---------------+----------+-----
Conjurations   | 2 |  2.6
Hexes          | 1 |  1.7
Fire Magic     | 4 |  4.1
Spellcasting   | 4 |  4.2
Dodging        | |  2.4
Stealth        | |  2.4

Action                     |  1- 3 |  4- 6 || total
---------------------------+-------+-------++-------
  Melee: Short sword       |    20 |       ||    20
   Fire: Sling             |     3 |       ||     3
   Cast: Foxfire           |    34 |     5 ||    39
         Scorch            |    14 |     4 ||    18
   Stab: Sleeping          |    10 |       ||    10
 Armour: Robe              |     5 |       ||     5
  Dodge: Dodged            |    16 |     5 ||    21

Table legend: (Time is in decaauts)
 A = Elapsed time spent in this place.
 B = Non-inter-level travel time spent in this place.
 C = Inter-level travel time spent in this place.
 D = Time resting spent in this place.
 E = Time spent auto-exploring this place.
 F = Levels seen in this place.
 G = Mean time per level.
                   A        B        C        D        E       F      G
               +--------+--------+--------+--------+--------+-----+--------+
         Total |   2368 |   2183 |    185 |     57 |   1826 |   4 |  592.0 |
       Dungeon |   2368 |   2183 |    185 |     57 |   1826 |   4 |  592.0 |
               +--------+--------+--------+--------+--------+-----+--------+

Top non-repeatable levels by time:
     D:1: 917 daAuts
     D:2: 773 daAuts
     D:3: 667 daAuts
     D:4: 11 daAuts
